 Dungeon Crawl Stone Soup version 0.19.4-10-g532645f (webtiles) character file.

4181 Kosschaser the Quickloader (level 10, -10/61 HPs)
             Began as a Kobold Hunter on Feb 24, 2017.
             Was a Believer of Dithmenos.
             Mangled by a wyvern (15 damage)
             ... on level 9 of the Dungeon.
             The game lasted 00:56:46 (12368 turns).

Kosschaser the Quickloader (Kobold Hunter)         Turns: 12368, Time: 00:56:46

Health: -10/61     AC:  6    Str: 10    XL:     10   Next: 53%
Magic:  10/10      EV: 17    Int: 12    God:    Dithmenos [**....]
Gold:   487        SH:  0    Dex: 19    Spells: 0 memorised, 9 levels left

rFire  . . .     SeeInvis +     I - +0 dagger (venom)
rCold  . . .     Gourm    .     c - +0 leather armour
rNeg   . . .     Faith    .     (shield restricted)
rPois  .         Spirit   .     y - +0 helmet
rElec  .         Reflect  .     (no cloak)
rCorr  .         Harm     .     p - +0 pair of gloves
MR     .....                    u - +0 pair of boots
Stlth  +++++.....               b - amulet of magic regeneration
                                (no ring)
                                e - ring of see invisible (curse)

@: about to teleport, wreathed by umbra, drained
A: carnivore 3
a: Shadow Step, Renounce Religion


You were on level 9 of the Dungeon.
You worshipped Dithmenos.
Dithmenos was pleased with you.
You were not hungry.

You visited 2 branches of the dungeon, and saw 10 of its levels.

You collected 487 gold pieces.

Inventory:

Hand Weapons
 a - a +1 hand crossbow
 k - a +0 dagger of holy wrath
 l - a +0 short sword of speed
 I - a +0 dagger of venom (weapon)
Missiles
 d - 12 bolts
Armour
 c - a +0 leather armour (worn)
 p - a +0 pair of gloves (worn)
 u - a +0 pair of boots (worn)
 y - a +0 helmet (worn)
Jewellery
 b - an amulet of magic regeneration (around neck)
 e - a cursed ring of see invisible (left hand)
Wands
 s - a wand of lightning (5/15)
 C - a wand of paralysis (12/24)
 G - a wand of heal wounds (0/9)
 H - a wand of polymorph (14/24)
Scrolls
 h - a scroll of enchant armour
 n - 2 scrolls of magic mapping
 o - 2 scrolls of teleportation
 r - 3 scrolls of recharging {unknown}
 t - 7 scrolls of remove curse
 D - a scroll of summoning {unknown}
 F - a scroll of acquirement {unknown}
Potions
 g - 3 potions of lignification
 i - a potion of heal wounds {unknown}
 j - 2 potions of curing {unknown}
 m - 3 potions of flight {unknown}
 q - a potion of degeneration {unknown}
 v - 2 potions of berserk rage {unknown}
 w - a potion of haste {unknown}
 z - 2 potions of ambrosia {unknown}
 A - a potion of mutation {unknown}
 B - 2 potions of agility
 J - a potion of brilliance {unknown}
Comestibles
 f - 5 meat rations
 x - 2 beef jerkies


   Skills:
 + Level 6.5(5.5) Fighting
 + Level 7.3(6.3) Short Blades
 + Level 10.2(9.2) Crossbows
 + Level 3.5(2.6) Armour
 + Level 5.9(4.9) Dodging
 * Level 10.1(9.1) Stealth


You had 9 spell levels left.
You didn't know any spells.

Dungeon Overview and Level Annotations

Branches:
Dungeon (9/15)             Temple (1/1) D:6
   Lair: D:8-11         Orc: D:9-12

Altars:
Ashenzari
Cheibriados
Dithmenos
Elyvilon
Fedhas
Gozag
Hepliaklqana
Kikubaaqudgha
Makhleb
Nemelex Xobeh
Okawaru
Qazlal
Ru
Sif Muna
Trog
Uskayaw
Vehumet
Xom
Yredelemnul
Zin
The Shining One
Beogh

Shops:
D:4 (

Annotations:
D:4 Edmund
D:8 Gastronok


Innate Abilities, Weirdness & Mutations

You are small and have problems with some larger weapons.
You are carnivorous and can eat meat at any time.


Message History

The wyvern is heavily wounded.
The wyvern misses you.
You hit the wyvern but do no damage.
The wyvern looks as sick as possible!
The wyvern is heavily wounded.
The wight completely misses you. The wyvern barely misses you.
You closely miss the wyvern.
The wyvern is heavily wounded.
The wyvern bites you!
* * * LOW HITPOINT WARNING * * *
The wight hits you with a mace.
* * * LOW HITPOINT WARNING * * *
You feel drained.
* * * LOW HITPOINT WARNING * * *
Evoke which item? (* to show all) (? for menu, Esc to quit)
Zapping:
G - a wand of heal wounds {zapped: 5} (will waste charges)
Press: ? - help, Shift-Dir - straight line, f - you Nothing appears to happen.
The wyvern misses you.
As you read the scroll of teleportation, it crumbles to dust.
You feel strangely unstable. The wyvern bites you!
You die...

#...<...............z..z.
#..#############..#######
#..# #..#
#..#############..#
#.................##########
#...........................
#.......<.....z.............
#.############z#############
#(# #@# #.# #l# #.# #.. #..
.... #.. ..... #..# .......
#..# ........ #..#
#.........


You could see a wyvern and 2 wights.

Vanquished Creatures
  Prince Ribbit (D:8)
  A hippogriff (D:7)
  A spriggan (D:8)
  4 yaks (D:9)
  Menkaure (D:6)
  An orc warrior (D:7)
  A phantom (D:4)
  A necrophage (D:9)
  2 ogres (D:8)
  2 centaurs
  2 big kobolds (D:8)
  Blork the orc (D:4)
  A wyvern zombie (D:8)
  2 bullfrogs
  A scorpion (D:4)
  9 killer bees
  2 howler monkeys
  A wight (D:9)
  A crimson imp (D:7)
  A centaur zombie (D:8)
  A jelly (D:7)
  10 orc priests
  7 hounds
  A centaur skeleton (D:6)
  3 iguanas
  6 orc wizards
  Ijyb (D:3)
  Terence (D:3)
  4 worker ants
  A hound skeleton (D:8)
  10 adders
  8 gnolls
  A howler monkey skeleton (D:6)
  2 shadow imps (D:7)
  An ooze (D:4)
  3 adder skeletons
  3 adder zombies
  A dart slug (D:1)
  5 leopard geckos
  54 orcs
  2 ball pythons (D:3)
  4 giant cockroaches
  4 goblins
  7 hobgoblins
  10 jackals
  6 kobolds
  3 quokkas
  8 bats
  2 leopard gecko skeletons (D:4)
  A quokka skeleton (D:7)
  A quokka zombie (D:6)
  6 rats
  A butterfly (D:6)
214 creatures vanquished.

Notes
Turn   | Place    | Note
-------+----------+-------------------------------------------
     0 | D:1      | Kosschaser the Kobold Hunter began the quest for the Orb.
     0 | D:1      | Reached XP level 1. HP: 12/12 MP: 1/1
    49 | D:1      | Reached skill level 5 in Crossbows
    50 | D:1      | Reached XP level 2. HP: 17/17 MP: 2/2
   845 | D:1      | Reached XP level 3. HP: 21/21 MP: 3/3
  1533 | D:2      | Reached XP level 4. HP: 15/27 MP: 4/4
  2286 | D:2      | Reached skill level 1 in Short Blades
  2676 | D:3      | Reached XP level 5. HP: 31/31 MP: 5/5
  2758 | D:3      | Reached skill level 1 in Armour
  2785 | D:3      | Reached XP level 6. HP: 36/36 MP: 6/6
  2918 | D:3      | Noticed Ijyb
  2946 | D:3      | Killed Ijyb
  3508 | D:3      | Noticed Terence
  3547 | D:3      | Killed Terence
  3749 | D:3      | Reached XP level 7. HP: 41/41 MP: 7/7
  3830 | D:4      | Found a stormy altar of Qazlal.
  4019 | D:4      | Reached skill level 5 in Stealth
  4491 | D:4      | Noticed Blork the orc
  4493 | D:4      | Noticed Edmund
  4517 | D:5      | Entered Level 5 of the Dungeon
  5418 | D:5      | Reached XP level 8. HP: 46/46 MP: 8/8
  5754 | D:4      | HP: 2/46 [Edmund/flail of protection (12)]
  6069 | D:4      | Found Loukkeg's Weapon Shop.
  6086 | D:4      | Killed Blork the orc
  6848 | D:6      | Noticed Menkaure
  6873 | D:6      | HP: 1/72 [Menkaure (11)]
  6877 | D:6      | Killed Menkaure
  7208 | D:6      | Reached skill level 5 in Short Blades
  7311 | D:6      | Found a staircase to the Ecumenical Temple.
  7371 | Temple   | Entered the Ecumenical Temple
  7475 | Temple   | Became a worshipper of Dithmenos the Shadowed
  7589 | D:6      | Reached XP level 9. HP: 42/52 MP: 9/9
  9242 | D:8      | Reached * piety under Dithmenos
  9263 | D:8      | Reached skill level 5 in Fighting
  9780 | D:8      | Noticed Gastronok
  9780 | D:8      | Noticed Prince Ribbit
 10004 | D:8      | HP: 1/54 [wyvern zombie (12)]
 10321 | D:8      | Reached ** piety under Dithmenos
 10358 | D:8      | Found a roughly hewn altar of Beogh.
 10408 | D:8      | Noticed a hippogriff
 10523 | D:9      | Reached XP level 10. HP: 60/60 MP: 10/10
 10777 | D:8      | Reached skill level 5 in Dodging
 10805 | D:8      | Killed Prince Ribbit
 10805 | D:8      | Reached skill level 10 in Crossbows
 10815 | D:8      | Noticed a kobold demonologist
 11065 | D:8      | Noticed a rust devil
 11071 | D:8      | Noticed a rust devil
 11998 | D:9      | Reached skill level 10 in Stealth
 12368 | D:9      | Mangled by a wyvern

Skill      XL: |  1  2  3  4  5  6  7  8  9 10 |
---------------+-------------------------------+-----
Crossbows      | 5 6 7 8 9 10 | 10.2
Stealth        | 2 3 4 5 7 9 10 | 10.1
Short Blades   | 1 2 3 5 6 7 |  7.3
Armour         | 1 2 3 |  3.5
Fighting       | 3 4 5 6 |  6.5
Dodging        | 3 4 5 |  5.9

Action                   |  1- 3 |  4- 6 |  7- 9 | 10-12 || total
-------------------------+-------+-------+-------+-------++-------
Melee: Dagger            |    22 |       |   114 |   170 ||   306
       Short sword       |    22 |   161 |   434 |    13 ||   630
 Fire: Hand crossbow     |    44 |    63 |   259 |    46 ||   412
Evoke: Wand              |       |       |     2 |       ||     2
  Use: Scroll            |       |       |     9 |     1 ||    10
       Potion            |       |       |     1 |       ||     1
 Stab: Sleeping          |       |     1 |     1 |       ||     2
  Eat: Chunk             |     3 |    10 |    23 |     3 ||    39
Armor: Leather armour    |    13 |    21 |    58 |    21 ||   113
       Skin              |       |       |     3 |       ||     3
Dodge: Dodged            |    43 |    83 |   345 |   120 ||   591
